 Dungeon Crawl Stone Soup version 0.30-a0-451-ge042605de7 (webtiles) character file.

Game seed: 8499505487357593598

1444 avis the Shooter (level 8, 0/66 HPs)
             Began as a Demigod Ice Elementalist on Dec 11, 2022.
             Slain by a wyvern (10 damage)
             ... on level 6 of the Dungeon on Dec 12, 2022.
             The game lasted 00:34:39 (6150 turns).

avis the Shooter (Demigod Ice Elementalist)         Turns: 6150, Time: 00:34:39

Health: 0/66       AC:  2    Str:  9    XL:     8   Next: 22%
Magic:  6/14       EV: 14    Int: 17    God:
Gold:   292        SH:  0    Dex: 22    Spells: 5/12 levels left

rFire   x . .      SeeInvis .    b - +1 sling
rCold   + . .      Faith    .    (no shield)
rNeg    . . .      Spirit   .    c - +0 robe
rPois   +          Reflect  .    (no helmet)
rElec   .          Harm     .    (no cloak)
rCorr   .          Rampage  .    (no gloves)
Will    .....                    (no boots)
Stlth   ++........               (no amulet)
HPRegen 0.31/turn                e - ring of ice
MPRegen 0.14/turn                p - ring of poison resistance

@: no status effects
A: high MP 1, forlorn, divine attributes
a: no special abilities


You were on level 6 of the Dungeon.
You visited 2 branches of the dungeon, and saw 7 of its levels.

You collected 292 gold pieces.

Inventory:

Hand Weapons
 a - a +1 dagger of venom
 b - a +1 sling (weapon)
 w - a +0 dagger of holy wrath
Missiles
 g - 12 poisoned darts
Armour
 c - a +0 robe (worn)
 E - a +2 leather armour of cold resistance
Jewellery
 e - a ring of ice (left hand)
 i - a ring of see invisible
 k - a ring of positive energy
 p - a ring of poison resistance (right hand)
Scrolls
 d - 2 scrolls of enchant armour {unknown}
 f - 2 scrolls of enchant weapon
 h - a scroll of acquirement {unknown}
 n - 2 scrolls of identify {unknown}
 t - a scroll of blinking {unknown}
 u - 2 scrolls of amnesia {unknown}
 v - a scroll of silence {unknown}
 x - 2 scrolls of fog {unknown}
 y - a scroll of teleportation {unknown}
 z - a scroll of vulnerability {unknown}
 A - 3 scrolls of poison
 F - a scroll of brand weapon {unknown}
 K - a scroll of fear {unknown}
Potions
 j - 2 potions of haste {unknown}
 l - 4 potions of curing
 m - a potion of magic
 q - a potion of heal wounds {unknown}
 r - 2 potions of degeneration {unknown}
 s - a potion of attraction {unknown}
 H - 2 potions of flight {unknown}
 J - a potion of might {unknown}


   Skills:
 - Level 4.0 Fighting
 * Level 6.8 Ranged Weapons
 - Level 2.0 Armour
 - Level 4.0 Dodging
 - Level 2.0 Stealth
 - Level 2.5 Spellcasting
 - Level 4.0 Ice Magic


You had 5 spell levels left.
You knew the following spells:

 Your Spells              Type           Power      Damage    Failure   Level
a - Freeze                Ice            92%        1d9       3%          1
o - Ozocubu's Armour      Ice            23%        N/A       11%         3
r - Frozen Ramparts       Ice            46%        1d7       11%         3

Your spell library contained the following spells:

 Spells                   Type           Power      Damage    Failure   Level
 Magic Dart               Conj           8%         1d3       19%         1
 Sting                    Tmut/Pois      8%         1d3       19%         1
 Call Imp                 Summ           2%         N/A       28%         2
 Poisonous Vapours        Pois/Air       4%         N/A       28%         2
 Mephitic Cloud           Conj/Pois/Air  2%         N/A       50%         3
 Summon Ice Beast         Ice/Summ       13%        N/A       63%         4
 Olgreb's Toxic Radiance  Pois           2%         N/A       88%         4


Dungeon Overview and Level Annotations

Branches:
Dungeon (6/15)             Temple (1/1) D:6


Innate Abilities, Weirdness & Mutations

You have an increased reservoir of magic. (+10% MP)
You shall have no god before yourself.
Your divine heritage dramatically boosts your attributes as you level up.


Message History

You shoot a sling bullet.
The sling bullet barely misses the wyvern.
You feel sick.
Fire: b) +1 sling
Press: ? - help, Q - select action, (/) - cycle Shift-Dir - straight line, f/p - wyvern
Aim: a wyvern (67% to hit)
You shoot a sling bullet.
The sling bullet closely misses the wyvern.
Your icy armour evaporates.
You feel sick.
The wall freezes the wyvern.
A white imp comes into view.
The wall freezes the wyvern.
The wyvern closely misses you.
Fire: b) +1 sling
Press: ? - help, Q - select action, (/) - cycle Shift-Dir - straight line, f/p - wyvern
Aim: a wyvern (lightly wounded, 67% to hit)
You shoot a sling bullet. The sling bullet hits the wyvern.
The wyvern is moderately wounded.
You feel sick.
You hear a bark!
A hound comes into view.
The white imp gestures at you. The puff of frost hits you. You resist.
The wall freezes the wyvern but does no damage.
The wyvern bites you!
* * * LOW HITPOINT WARNING * * *
Your frozen ramparts will break if you move.
Continue?
Okay, then.
Fire: b) +1 sling
Press: ? - help, Q - select action, (/) - cycle Shift-Dir - straight line, f/p - wyvern
Aim: a wyvern (moderately wounded, 67% to hit)
You shoot a sling bullet.
The sling bullet barely misses the wyvern.
The frozen ramparts melt away.
You feel sick. The wyvern closely misses you. The wyvern completely misses you.
Okay, then.
You feel sick.
You are no longer poisoned.
The wyvern attacks as you move away! The wyvern barely misses you.
The wyvern bites you!
You die...

#. .# . #
#.###.#.###.
..
#.....#.....
...
..........
.. .......
....h...
#.##†5#.#
#......###
#..†.h..#
........#
#.##.l###
#.......#
##.@#
#.......#
#...#
#.......#
#.#.#
#.......#
#.#.#
#.......#
....#
#.......##
##.###
###.<....#
#. #.####.#
#. .... # #>


You could see a wyvern, a hound and a white imp.

Vanquished Creatures
  A steam dragon (D:6)
  A black bear (D:6)
  2 ogres (D:5)
  2 scorpions
  6 killer bees (D:5)
  A jelly (D:4)
  5 hounds
  2 orc priests
  4 iguanas
  3 orc wizards
  7 gnolls
  7 adders
  A shadow imp (D:5)
  A white imp (D:6)
  4 worms
  3 dart slugs
  14 orcs
  3 endoplasms
  6 giant cockroaches
  5 goblins
  2 hobgoblins (D:4)
  2 jackals (D:1)
  4 quokkas
  A ball python (D:4)
  6 bats
  5 frilled lizards
  4 kobolds
  4 rats
106 creatures vanquished.

Vanquished Creatures (others)
  4 fungi (D:2)
  5 plants (D:2)
9 creatures vanquished.

Grand Total: 115 creatures vanquished

Notes
Turn   | Place    | Note
-------+----------+-------------------------------------------
     0 | D:1      | avis the Demigod Ice Elementalist began the quest for the
                  | Orb.
     0 | D:1      | Reached XP level 1. HP: 14/14 MP: 5/5
   579 | D:1      | Reached XP level 2. HP: 20/20 MP: 7/7
  1064 | D:2      | Reached XP level 3. HP: 27/27 MP: 6/9
  1093 | D:2      | Learned a level 3 spell: Frozen Ramparts
  1097 | D:2      | Learned a level 3 spell: Ozocubu's Armour
  1099 | D:2      | Reached skill level 1 in Fighting
  2668 | D:4      | Reached XP level 4. HP: 36/36 MP: 0/10
  2688 | D:4      | Reached skill level 1 in Ranged Weapons
  2869 | D:4      | Reached skill level 2 in Ranged Weapons
  3109 | D:4      | Reached XP level 5. HP: 39/42 MP: 5/11
  3711 | D:4      | Reached skill level 3 in Ranged Weapons
  4356 | D:5      | Entered Level 5 of the Dungeon
  4519 | D:5      | Reached XP level 6. HP: 41/51 MP: 5/12
  4589 | D:5      | Reached skill level 4 in Ranged Weapons
  4589 | D:5      | Reached skill level 1 in Armour
  4982 | D:5      | Reached skill level 5 in Ranged Weapons
  4982 | D:5      | Reached XP level 7. HP: 54/57 MP: 6/13
  5192 | D:5      | Reached skill level 6 in Ranged Weapons
  5945 | D:6      | Found a staircase to the Ecumenical Temple.
  5961 | Temple   | Entered the Ecumenical Temple
  6125 | D:6      | Reached XP level 8. HP: 55/66 MP: 8/14
  6150 | D:6      | Slain by a wyvern

Illustrated notes

Levels and vault maps discovered:
D:1:      dpeg_arrival_prison, layout_rooms
D:2:      layout_loops_ring, shapermc_ecumenical_altar_acropolis, minmay_tall_x
D:3:      layout_rooms, amethyst_overflow_temple_binary,
          chequers_serial_rivers_micro_d
D:4:      layout_layer_cave
D:5:      layout_basic
D:6:      hangedman_cross_stitches, layout_loops_cross,
          minmay_temple_entry_large_hall, nrook_mini_vaults, dk_noncrumbling_2,
          minmay_crystal_water
Temple:   hellmonk_temple_forest_ring

Skill      XL: |  1  2  3  4  5  6  7  8 |
---------------+-------------------------+-----
Ice Magic      | 4 |  4.0
Spellcasting   | 2 |  2.5
Fighting       | 2 3 4 |  4.0
Stealth        | 2 |  2.0
Dodging        | 2 3 4 |  4.0
Ranged Weapons | 2 3 5 6 |  6.8
Armour         | 2 |  2.0

Action                   |  1- 3 |  4- 6 |  7- 9 || total
-------------------------+-------+-------+-------++-------
Melee: Short sword       |     7 |       |    14 ||    21
 Fire: Sling             |    43 |   114 |    60 ||   217
 Cast: Freeze            |    30 |     1 |       ||    31
       Frozen Ramparts   |     7 |    18 |    13 ||    38
       Ozocubu's Armour  |       |     9 |     8 ||    17
  Use: Potion            |       |     1 |       ||     1
       Scroll            |       |       |     2 ||     2
 Stab: Sleeping          |     1 |       |     1 ||     2
Armor: Robe              |     8 |     8 |    20 ||    36
Dodge: Dodged            |    22 |    16 |    56 ||    94

Table legend: (Time is in decaauts)
 A = Elapsed time spent in this place.
 B = Non-inter-level travel time spent in this place.
 C = Inter-level travel time spent in this place.
 D = Time resting spent in this place.
 E = Time spent auto-exploring this place.
 F = Levels seen in this place.
 G = Mean time per level.
                   A        B        C        D        E       F      G
               +--------+--------+--------+--------+--------+-----+--------+
         Total |   6200 |   5928 |    272 |   2109 |   2743 |   7 |  885.7 |
       Dungeon |   6088 |   5816 |    272 |   2009 |   2743 |   6 | 1014.7 |
        Temple |    111 |    111 |      0 |    100 |      0 |   1 |  111.0 |
               +--------+--------+--------+--------+--------+-----+--------+

Top non-repeatable levels by time:
     D:4: 1796 daAuts
     D:5: 1510 daAuts
     D:2: 1255 daAuts
     D:1: 739 daAuts
     D:3: 632 daAuts
     D:6: 155 daAuts
  Temple: 111 daAuts
